 Dungeon Crawl Stone Soup version 0.29-a0-997-gf6f7e2dfe7 (webtiles) character file.

Game seed: 10294375693212087857

0 123456 the Digger (level 1, -1/10 HPs)
             Began as a Gargoyle Earth Elementalist on Aug 5, 2022.
             Slain by a kobold
             ... wielding a +0 short sword
              (4 damage)
             ... on level 1 of the Dungeon.
             The game lasted 00:00:12 (56 turns).

123456 the Digger (Gargoyle Earth Elementalist)       Turns: 56, Time: 00:00:13

Health: -1/10      AC:  4    Str: 11    XL:     1   Next: 10%
Magic:  1/3        EV: 11    Int: 15    God:
Gold:   9          SH:  0    Dex: 10    Spells: 3/4 levels left

rFire   . . .      SeeInvis .   (no weapon)
rCold   . . .      Faith    .   (no shield)
rNeg    + . .      Spirit   .   a - +0 robe
rPois   ∞          Reflect  .   (no helmet)
rElec   +          Harm     .   (no cloak)
rCorr   .          Rampage  .   (no gloves)
Will    .....                   (no boots)
Stlth   ++........              (no amulet)
HPRegen 0.03/turn               (no ring)
MPRegen 0.08/turn               (no ring)

@: no status effects
A: sickness immunity, AC +2, negative energy resistance 1, electricity
resistance, torment resistance 1, petrification resistance
a: no special abilities


You were on level 1 of the Dungeon.
You visited 1 branch of the dungeon, and saw 1 of its levels.

You collected 9 gold pieces.

Inventory:

Armour
 a - a +0 robe (worn)
Scrolls
 c - a scroll of enchant armour {unknown}
Potions
 b - a potion of magic


   Skills:
 + Level 1.5 Dodging
 + Level 2.2 Stealth
 * Level 2.0 Spellcasting
 - Level 0.7 Transmutations
 * Level 3.6 Earth Magic


You had 3 spell levels left.
You knew the following spells:

 Your Spells              Type           Power      Damage    Failure   Level
a - Sandblast             Erth           24%        2d8       4%          1

Your spell library contained the following spells:

 Spells                   Type           Power      Damage    Failure   Level
 Passwall                 Tmut/Erth      6%         N/A       14%         2
 Stone Arrow              Conj/Erth      14%        3d7       30%         3
 Petrify                  Tmut/Erth      8%         N/A       65%         4


Dungeon Overview and Level Annotations

Branches:
Dungeon (1/15)

Altars:


Innate Abilities, Weirdness & Mutations

You are immune to sickness and miasma.
Your stone body is resilient. (AC +2)
You are immune to poison.
You resist negative energy. (rN+)
You are resistant to electric shocks. (rElec)
You are resistant to unholy torment.
You are immune to petrification.


Message History

Welcome, 123456 the Gargoyle Earth Elementalist.
Are you destined to find the wondrous Orb of Zot, or to die trying?
Press ? for a list of commands and other information.
Found a staircase leading out of the dungeon.
Found a stone staircase leading down.
You now have 9 gold pieces.
There is a stone staircase leading down here.
c - a scroll labelled WAILLA HYOR A frilled lizard and a bat come into view.
Found a pink potion and 9 gold pieces.
The bat moves out of view.
No reachable target in view!
No reachable target in view!
No reachable target in view! 2 kobolds and a ball python come into view.
Found a book of Beasts, a robe and 9 stones.
The kobold shouts! x2; The frilled lizard hisses angrily.
The bat closely misses you.
The ball python hisses angrily.
The bat hits you but does no damage. The bat closely misses you.
The blast of sand misses the bat.
The bat hits you. The bat hits you but does no damage.
The ball python barely misses you. The ball python grabs you.
The ball python constricts you.
The blast of sand hits the ball python!
You kill the ball python!
The bat barely misses you.
The kobold hits you with a +0 short sword.
The bat hits you but does no damage. The bat misses you.
The frilled lizard closely misses you.
The kobold hits you with a +0 short sword.
* * * LOW HITPOINT WARNING * * *
The bat attacks as you move away! The bat hits you but does no damage.
The bat closely misses you. The frilled lizard barely misses you.
The frilled lizard attacks as you move away!
The frilled lizard bites you but does no damage.
The bat closely misses you.
The kobold hits you with a +0 short sword.
You die...

##### ..#(#.##.#
#...# ......[#.##
#..## .##.#.##..#
##.## .#:.$.....#
#..# .##.#!#...
##..# ....###..#
####..##
##.....lK#####.....#
......K.b@.....###.#
##........###### #.#
#.......## #### #.#
#.......# #..# #.#
#.......# #.####.#
#####..## #.##...#
##.. ##.##>### ##.
#.....## ##......##


You could see a bat, 2 kobolds and a frilled lizard.

Vanquished Creatures
  A ball python (D:1)
1 creature vanquished.

Notes
Turn   | Place    | Note
-------+----------+-------------------------------------------
     0 | D:1      | 123456 the Gargoyle Earth Elementalist began the quest for
                  | the Orb.
     0 | D:1      | Reached XP level 1. HP: 10/10 MP: 3/3
    56 | D:1      | Slain by a kobold

Illustrated notes

Levels and vault maps discovered:
D:1:      ldierk_walled_garden_2, layout_rooms, serial_shops, shop,
          shapermc_ecumenical_altar_flowoftime, minmay_pentomino_u4

Action                   || total
-------------------------++-------
 Cast: Sandblast         ||     2
Armor: Robe              ||     5
Dodge: Dodged            ||     9

Table legend: (Time is in decaauts)
 A = Elapsed time spent in this place.
 B = Non-inter-level travel time spent in this place.
 C = Inter-level travel time spent in this place.
 D = Time resting spent in this place.
 E = Time spent auto-exploring this place.
 F = Levels seen in this place.
 G = Mean time per level.
                   A        B        C        D        E       F      G
               +--------+--------+--------+--------+--------+-----+--------+
         Total |     58 |     58 |      0 |      0 |     47 |   1 |   58.0 |
       Dungeon |     58 |     58 |      0 |      0 |     47 |   1 |   58.0 |
               +--------+--------+--------+--------+--------+-----+--------+

Top non-repeatable levels by time:
     D:1: 58 daAuts
